 Dungeon Crawl Stone Soup version 0.21.1-1-g345015f (webtiles) character file.

2709 tidbits the Covert (level 9, -3/71 HPs)
             Began as a Gnoll Assassin on Mar 28, 2018.
             Was an Initiate of Cheibriados.
             Slain by a dream sheep (4 damage)
             ... on level 8 of the Dungeon.
             The game lasted 00:29:38 (2781 turns).

tidbits the Covert (Gnoll Assassin)                 Turns: 2781, Time: 00:29:39

Health: -3/71      AC:  7    Str: 14    XL:     9   Next: 66%
Magic:  15/15      EV: 16    Int: 17    God:    Cheibriados [......]
Gold:   353        SH:  0    Dex: 19    Spells: 16/16 levels left

rFire    . . .     SeeInvis .   a - +2 dagger (venom)
rCold    . . .     Gourm    .   (no shield)
rNeg     . . .     Faith    .   B - +1 robe {MR+}
rPois    +         Spirit   .   E - +0 helmet
rElec    .         Reflect  .   C - +1 cloak
rCorr    .         Harm     .   G - +0 pair of gloves
MR       ++...                  (no boots)
Stlth    ++++......             (no amulet)
HPRegen  0.21/turn              P - ring of poison resistance
MPRegen  0.14/turn              H - ring of protection from magic

@: about to teleport, very slow
A: distributed training, fangs 1, strong nose
a: Bend Time, Renounce Religion


You were on level 8 of the Dungeon.
You worshipped Cheibriados.
Cheibriados was noncommittal.
You were not hungry.

You visited 2 branches of the dungeon, and saw 9 of its levels.

You collected 353 gold pieces.

Inventory:

Hand Weapons
 a - a +2 dagger of venom (weapon)
   (You took it off an orc wizard on level 6 of the Dungeon)
 b - a +0 rapier
 g - a +0 blowgun
 h - a cursed +0 dagger
 i - a +4 war axe
 x - a +0 shortbow
 D - a +0 hunting sling
 J - a +1 dagger of venom
   (You took it off a goblin on level 1 of the Dungeon)
 S - a +0 arbalest
Missiles
 e - 24 poisoned needles
 j - 14 sling bullets
 n - 3 throwing nets {!f}
 o - 85 stones (quivered)
 t - 62 arrows
 F - a curare-tipped needle
 T - 2 tomahawks
Armour
 q - a +0 ring mail
 B - a +1 robe of magic resistance (worn)
   (You found it on level 3 of the Dungeon)
 C - a +1 cloak (worn)
 E - a +0 helmet (worn)
 G - a +0 pair of gloves (worn)
Jewellery
 m - an uncursed ring of positive energy
   (You found it on level 1 of the Dungeon)
 H - a ring of protection from magic (right hand)
   (You found it on level 4 of the Dungeon)
 P - a ring of poison resistance (left hand)
   (You found it on level 1 of the Dungeon)
Wands
 p - a wand of paralysis (13)
Scrolls
 f - a scroll of fog
 r - 2 scrolls of remove curse
 s - a scroll of teleportation
 u - a scroll of enchant weapon
 y - a scroll of magic mapping {unknown}
 A - 6 scrolls of amnesia
 L - a scroll of summoning {unknown}
 M - a scroll of torment {unknown}
Potions
 d - a potion of magic
 k - a potion of mutation {unknown}
 l - a potion of invisibility {unknown}
 v - a potion of resistance {unknown}
 O - a potion of flight {unknown}
 Q - a potion of brilliance {unknown}
 R - a potion of heal wounds {unknown}
Comestibles
 c - 13 rations
 w - a chunk of flesh


   Skills:
 + Level 6.4 Fighting
 + Level 6.4 Short Blades
 + Level 4.3 Long Blades
 + Level 4.3 Axes
 + Level 4.3 Maces & Flails
 + Level 4.3 Polearms
 + Level 4.3 Staves
 + Level 4.3 Slings
 + Level 4.3 Bows
 + Level 4.3 Crossbows
 + Level 6.4 Throwing
 + Level 4.3 Armour
 + Level 5.1 Dodging
 + Level 9.0 Stealth
 + Level 4.3 Shields
 + Level 4.3 Unarmed Combat
 + Level 4.3 Spellcasting
 + Level 3.6 Conjurations
 + Level 3.6 Hexes
 + Level 3.6 Charms
 + Level 3.6 Summonings
 + Level 3.6 Necromancy
 + Level 3.6 Translocations
 + Level 3.6 Transmutations
 + Level 3.6 Fire Magic
 + Level 3.6 Ice Magic
 + Level 3.6 Air Magic
 + Level 3.6 Earth Magic
 + Level 3.6 Poison Magic
 + Level 4.8 Invocations
 + Level 4.3 Evocations


You had 16 spell levels left.
You didn't know any spells.

Dungeon Overview and Level Annotations

Branches:
Dungeon (8/15)             Temple (1/1) D:7
   Lair: D:8-11

Altars:
Cheibriados
Dithmenos
Fedhas
Gozag
Hepliaklqana
Makhleb
Okawaru
Sif Muna
Trog
Wu Jian
Zin
The Shining One

Annotations:
D:5 Sigmund


Innate Abilities, Weirdness & Mutations

Your experience applies equally to all skills.
You have very sharp teeth.
Your uncanny sense of smell can sniff out nearby items.


Message History

You are now empty-handed.
You smack the ogre!
The ogre is severely wounded.
You hit the ogre.
The ogre is severely wounded.
The ogre hits you but does no damage.
You smack the ogre!
You kill the ogre!
Your life force feels restored.
The centaur unwields an uncursed shortbow.
The centaur hits you but does no damage.
Wield which item (- for none, * to show all)? (? for menu, Esc to quit)
Okay, then.
Unknown command.
You smack the centaur!
The centaur is heavily wounded.
The centaur hits you but does no damage.
You barely miss the centaur.
The centaur is heavily wounded.
The centaur hits you but does no damage.
You smack the centaur!
The centaur is almost dead.
The centaur hits you but does no damage. x2
You hit the centaur.
The centaur is almost dead.
The centaur hits you but does no damage.
You smack the centaur!
You kill the centaur!
Cheibriados thoroughly appreciates the change of pace.
Unknown command.
Unknown command.
Unknown command.
Drop what? 44/52 slots (_ for help) (? for menu, Esc to quit)
You drop a +2 dagger.
You drop a +0 robe.
Your transformation is almost over.
You drop a war axe.
You remove your amulet of rage.
You drop an uncursed amulet of rage.
Drop what? 40/52 slots (_ for help) (? for menu, Esc to quit)
Okay, then.
You cannot walk slowly right now!
Wield which item (- for none, * to show all)? (? for menu, Esc to quit)
c - 12 rations (in branch)
You swing at nothing.
You swing at nothing.
You swing at nothing.
You feel less wooden.
Your +1 cloak unmelds from your body.
Your +0 helmet unmelds from your body.
Your +0 pair of gloves unmelds from your body.
Your +1 robe of magic resistance unmelds from your body.
You feel resistant to hostile enchantments.
Wield which item (- for none, * to show all)? (? for menu, Esc to quit)
Your +2 dagger of venom begins to drip with poison!
a - a +2 dagger of venom (weapon)
Items here: (( )) ††
Okay, then.
x - an uncursed shortbow;
t - 62 arrows (gained 19);
F - a curare-tipped needle You see here an arrow.
You see here an arrow.
You see here an arrow.
You see here a ration.
c - 13 rations (gained 1)
You see here a scroll labeled FOMNEL AFUA.
y - a scroll labeled FOMNEL AFUA You found a teleport trap!
Really walk into that teleport trap?
Okay, then.
Found a ration.
Found 2 rations.
Unknown command.
Found 10 gold pieces. 2 big kobolds come into view.
Found a falchion of flaming and a scroll of identify.
The helpless big kobold fails to defend itself.
You skewer the big kobold like a kebab!!!
You kill the big kobold!
Cheibriados appreciates the change of pace.
You see here 10 gold pieces.
You open the gate. 2 yaks and 2 dream sheep come into view.
The big kobold shouts!
The yak bellows! x2
The dream sheep shake their wool and sparkle.
You feel drowsy...
You fall asleep.
The big kobold throws a stone.
The stone hits you but does no damage.
Found 2 rations.
The dream sheep closely misses you. The dream sheep misses you.
The big kobold throws a stone.
The stone barely misses you.
You wake up.
Unknown command.
As you read the scroll of teleportation, it crumbles to dust.
You feel strangely unstable. The dream sheep barely misses you.
The yak gores you!!
* * * LOW HITPOINT WARNING * * *
The dream sheep completely misses you.
Unknown command.
You feel better. The yak gores you!
* * * LOW HITPOINT WARNING * * *
The dream sheep closely misses you. The yak completely misses you.
The dream sheep bites you.
You die...

############# #..#.%...#.%#
#..#≈...%'.%# #..#..%PYY..#
.. #..(≈...@YK.# ..
#..#....Y#..# ..
#.###..#≈.P≈P##+# ..
..##..#P≈)≈≈# ∆####### ...
#.##..#PP≈P?+∆ #.....#####
....
#.##..##########..........
....##..#^..##.............#
............##.............#
............##..[..........#


You could see 2 yaks, a big kobold and 2 dream sheep.

Vanquished Creatures
  A hippogriff (D:8)
  Eustachio (D:5)
  Menkaure (D:7)
  An ice beast (D:5)
  2 sky beasts (D:5)
  2 ogres
  2 phantoms
  A centaur (D:8)
  2 big kobolds
  Blork the orc (D:4)
  4 bullfrogs
  A scorpion (D:4)
  9 killer bees
  3 wights
  A crimson imp (D:7)
  A centaur skeleton (D:7)
  2 hounds
  An orc wizard (D:6)
  An orc priest (D:6)
  A bullfrog skeleton (D:4)
  An iguana (D:7)
  2 worker ants
  Robin (D:3)
  7 gnolls
  8 adders
  An ooze (D:1)
  A worm (D:2)
  A dart slug (D:1)
  3 leopard geckos (D:1)
  5 orcs
  6 giant cockroaches
  25 goblins
  12 hobgoblins
  4 jackals
  A quokka (D:8)
  A ball python (D:8)
  3 bats
  3 frilled lizards
  11 kobolds
  2 rats
136 creatures vanquished.

Notes
Turn   | Place    | Note
-------+----------+-------------------------------------------
     0 | D:1      | tidbits the Gnoll Assassin began the quest for the Orb.
     0 | D:1      | Reached XP level 1. HP: 20/20 MP: 1/1
    54 | D:1      | Reached XP level 2. HP: 18/26 MP: 2/2
   153 | D:1      | Reached XP level 3. HP: 18/31 MP: 3/3
   388 | D:2      | Reached skill level 1 in Invocations
   430 | D:2      | Reached skill level 1 in Long Blades
   430 | D:2      | Reached skill level 1 in Axes
   430 | D:2      | Reached skill level 1 in Maces & Flails
   430 | D:2      | Reached skill level 1 in Polearms
   430 | D:2      | Reached skill level 1 in Staves
   430 | D:2      | Reached skill level 1 in Slings
   430 | D:2      | Reached skill level 1 in Bows
   430 | D:2      | Reached skill level 1 in Crossbows
   430 | D:2      | Reached skill level 1 in Armour
   430 | D:2      | Reached skill level 1 in Shields
   430 | D:2      | Reached skill level 1 in Unarmed Combat
   430 | D:2      | Reached skill level 1 in Spellcasting
   430 | D:2      | Reached skill level 1 in Evocations
   442 | D:2      | Reached XP level 4. HP: 30/38 MP: 5/5
   735 | D:3      | Reached skill level 1 in Conjurations
   735 | D:3      | Reached skill level 1 in Hexes
   735 | D:3      | Reached skill level 1 in Charms
   735 | D:3      | Reached skill level 1 in Summonings
   735 | D:3      | Reached skill level 1 in Necromancy
   735 | D:3      | Reached skill level 1 in Translocations
   735 | D:3      | Reached skill level 1 in Transmutations
   735 | D:3      | Reached skill level 1 in Fire Magic
   735 | D:3      | Reached skill level 1 in Ice Magic
   735 | D:3      | Reached skill level 1 in Air Magic
   735 | D:3      | Reached skill level 1 in Earth Magic
   735 | D:3      | Reached skill level 1 in Poison Magic
   908 | D:4      | Noticed Blork the orc
   909 | D:4      | Reached XP level 5. HP: 43/43 MP: 5/7
   914 | D:4      | Killed Blork the orc
   914 | D:4      | Reached skill level 3 in Dodging
   928 | D:5      | Entered Level 5 of the Dungeon
   928 | D:5      | Noticed an ice beast
   960 | D:4      | Reached skill level 8 in Stealth
   960 | D:4      | Reached skill level 2 in Invocations
   960 | D:4      | Reached XP level 6. HP: 49/50 MP: 8/8
  1093 | D:4      | Found a deep blue altar of Sif Muna.
  1141 | D:5      | Killed an ice beast
  1141 | D:5      | Reached skill level 5 in Fighting
  1141 | D:5      | Reached skill level 5 in Short Blades
  1141 | D:5      | Reached skill level 2 in Long Blades
  1141 | D:5      | Reached skill level 2 in Axes
  1141 | D:5      | Reached skill level 2 in Maces & Flails
  1141 | D:5      | Reached skill level 2 in Polearms
  1141 | D:5      | Reached skill level 2 in Staves
  1141 | D:5      | Reached skill level 2 in Slings
  1141 | D:5      | Reached skill level 2 in Bows
  1141 | D:5      | Reached skill level 2 in Crossbows
  1141 | D:5      | Reached skill level 5 in Throwing
  1141 | D:5      | Reached skill level 2 in Armour
  1141 | D:5      | Reached skill level 2 in Shields
  1141 | D:5      | Reached skill level 2 in Unarmed Combat
  1141 | D:5      | Reached skill level 2 in Spellcasting
  1141 | D:5      | Reached skill level 2 in Evocations
  1166 | D:5      | Noticed Eustachio
  1166 | D:5      | Noticed a sky beast
  1169 | D:5      | Killed Eustachio
  1169 | D:5      | Reached XP level 7. HP: 36/56 MP: 10/10
  1177 | D:5      | Reached skill level 2 in Conjurations
  1177 | D:5      | Reached skill level 2 in Hexes
  1177 | D:5      | Reached skill level 2 in Charms
  1177 | D:5      | Reached skill level 2 in Summonings
  1177 | D:5      | Reached skill level 2 in Necromancy
  1177 | D:5      | Reached skill level 2 in Translocations
  1177 | D:5      | Reached skill level 2 in Transmutations
  1177 | D:5      | Reached skill level 2 in Fire Magic
  1177 | D:5      | Reached skill level 2 in Ice Magic
  1177 | D:5      | Reached skill level 2 in Air Magic
  1177 | D:5      | Reached skill level 2 in Earth Magic
  1177 | D:5      | Reached skill level 2 in Poison Magic
  1238 | D:5      | Noticed Sigmund
  1300 | D:3      | Noticed Robin
  1333 | D:3      | Killed Robin
  1333 | D:3      | Reached skill level 3 in Invocations
  1583 | D:6      | Reached XP level 8. HP: 35/63 MP: 12/12
  1599 | D:6      | Found a glowing golden altar of the Shining One.
  1748 | D:6      | Reached skill level 3 in Long Blades
  1748 | D:6      | Reached skill level 3 in Axes
  1748 | D:6      | Reached skill level 3 in Maces & Flails
  1748 | D:6      | Reached skill level 3 in Polearms
  1748 | D:6      | Reached skill level 3 in Staves
  1748 | D:6      | Reached skill level 3 in Slings
  1748 | D:6      | Reached skill level 3 in Bows
  1748 | D:6      | Reached skill level 3 in Crossbows
  1748 | D:6      | Reached skill level 3 in Armour
  1748 | D:6      | Reached skill level 4 in Dodging
  1748 | D:6      | Reached skill level 3 in Shields
  1748 | D:6      | Reached skill level 3 in Unarmed Combat
  1748 | D:6      | Reached skill level 3 in Spellcasting
  1748 | D:6      | Reached skill level 3 in Evocations
  1806 | D:6      | Found an opulent altar of Gozag.
  2273 | D:7      | Reached skill level 3 in Conjurations
  2273 | D:7      | Reached skill level 3 in Hexes
  2273 | D:7      | Reached skill level 3 in Charms
  2273 | D:7      | Reached skill level 3 in Summonings
  2273 | D:7      | Reached skill level 3 in Necromancy
  2273 | D:7      | Reached skill level 3 in Translocations
  2273 | D:7      | Reached skill level 3 in Transmutations
  2273 | D:7      | Reached skill level 3 in Fire Magic
  2273 | D:7      | Reached skill level 3 in Ice Magic
  2273 | D:7      | Reached skill level 3 in Air Magic
  2273 | D:7      | Reached skill level 3 in Earth Magic
  2273 | D:7      | Reached skill level 3 in Poison Magic
  2273 | D:7      | Reached skill level 4 in Invocations
  2300 | D:8      | Reached XP level 9. HP: 69/69 MP: 14/14
  2301 | D:8      | Reached skill level 6 in Fighting
  2301 | D:8      | Reached skill level 6 in Short Blades
  2301 | D:8      | Reached skill level 6 in Throwing
  2397 | D:7      | Noticed Menkaure
  2404 | D:7      | Killed Menkaure
  2440 | D:7      | Found a staircase to the Ecumenical Temple.
  2455 | D:7      | Reached skill level 4 in Long Blades
  2455 | D:7      | Reached skill level 4 in Axes
  2455 | D:7      | Reached skill level 4 in Maces & Flails
  2455 | D:7      | Reached skill level 4 in Polearms
  2455 | D:7      | Reached skill level 4 in Staves
  2455 | D:7      | Reached skill level 4 in Slings
  2455 | D:7      | Reached skill level 4 in Bows
  2455 | D:7      | Reached skill level 4 in Crossbows
  2455 | D:7      | Reached skill level 4 in Armour
  2455 | D:7      | Reached skill level 4 in Shields
  2455 | D:7      | Reached skill level 4 in Unarmed Combat
  2455 | D:7      | Reached skill level 4 in Spellcasting
  2455 | D:7      | Reached skill level 4 in Evocations
  2458 | Temple   | Entered the Ecumenical Temple
  2479 | Temple   | Became a worshipper of Cheibriados the Contemplative
  2582 | D:8      | Reached skill level 5 in Dodging
  2644 | D:8      | Reached skill level 9 in Stealth
  2780 | D:8      | HP: 7/71 [yak (18)]
  2781 | D:8      | HP: 1/71 [yak (12)]
  2781 | D:8      | Slain by a dream sheep

Skill      XL: |  1  2  3  4  5  6  7  8  9 |
---------------+----------------------------+-----
Invocations    | 1 2 3 4 |  4.8
Long Blades    | 1 2 3 4 |  4.3
Axes           | 1 2 3 4 |  4.3
Maces & Flails | 1 2 3 4 |  4.3
Polearms       | 1 2 3 4 |  4.3
Staves         | 1 2 3 4 |  4.3
Slings         | 1 2 3 4 |  4.3
Bows           | 1 2 3 4 |  4.3
Crossbows      | 1 2 3 4 |  4.3
Armour         | 1 2 3 4 |  4.3
Shields        | 1 2 3 4 |  4.3
Unarmed Combat | 1 2 3 4 |  4.3
Spellcasting   | 1 2 3 4 |  4.3
Evocations     | 1 2 3 4 |  4.3
Conjurations   | 1 2 3 |  3.6
Hexes          | 1 2 3 |  3.6
Charms         | 1 2 3 |  3.6
Summonings     | 1 2 3 |  3.6
Necromancy     | 1 2 3 |  3.6
Translocations | 1 2 3 |  3.6
Transmutations | 1 2 3 |  3.6
Fire Magic     | 1 2 3 |  3.6
Ice Magic      | 1 2 3 |  3.6
Air Magic      | 1 2 3 |  3.6
Earth Magic    | 1 2 3 |  3.6
Poison Magic   | 1 2 3 |  3.6
Dodging        | 3 4 5 |  5.1
Stealth        | 8 9 |  9.0
Fighting       | 5 6 |  6.4
Short Blades   | 5 6 |  6.4
Throwing       | 5 6 |  6.4

Action                   |  1- 3 |  4- 6 |  7- 9 || total
-------------------------+-------+-------+-------++-------
Melee: Dagger            |    88 |    73 |   213 ||   374
       Bite              |    11 |    11 |    35 ||    57
       Punch             |     3 |       |     4 ||     7
       Rapier            |       |       |    57 ||    57
       Unarmed           |       |       |     8 ||     8
 Fire: Blowgun           |       |       |     5 ||     5
Throw: Tomahawk          |       |       |     6 ||     6
       Stone             |       |       |     2 ||     2
 Abil: Evoke Berserk Rag |       |       |     2 ||     2
Evoke: Wand              |       |       |     1 ||     1
  Use: Potion            |       |     3 |     3 ||     6
       Scroll            |       |       |     9 ||     9
 Stab: Sleeping          |     8 |    12 |    14 ||    34
       Distracted        |     2 |     1 |       ||     3
       Paralysed         |       |       |     1 ||     1
  Eat: Chunk             |       |     1 |     1 ||     2
       Ration            |       |       |     2 ||     2
Armor: Robe              |     7 |     9 |    44 ||    60
       Skin              |       |       |     8 ||     8
Dodge: Dodged            |    34 |    38 |   155 ||   227

Table legend:
 A = Turns spent in this place as a percentage of turns spent in the entire game.
 B = Non-inter-level travel turns spent in this place as a percentage of non-inter-level travel turns spent in the entire game.
 C = Inter-level travel turns spent in this place as a percentage of turns spent in this place.
 D = Turns resting spent in this place as a percentage of non-inter-level travel turns spent in this place.
 E = Turns spent auto-exploring this place as a percentage of non-inter-level travel turns spent in this place.
 F = Non-inter-level travel turns spent in this place divided by the number of levels of this place that you've seen.
                   A       B       C       D       E      F
               +-------+-------+-------+-------+-------+----------------------
         Total | 100.0 | 100.0 |   3.4 |   0.0 |   0.0 | 298.6
       Dungeon |  98.5 |  99.1 |   2.7 |   0.0 |   0.0 | 333.0
        Temple |   1.5 |   0.9 |  46.5 |   0.0 |   0.0 |  23.0
               +-------+-------+-------+-------+-------+----------------------

Table legend:
 A = Kills in this place as a percentage of kills in entire the game.
 B = Kills by you in this place as a percentage of kills by you in the entire game.
 C = Kills by friends in this place as a percentage of kills by friends in the entire game.
 D = Other kills in this place as a percentage of other kills in the entire game.
 E = Experience gained in this place as a percentage of experience gained in the entire game.
 F = Experience gained in this place divided by the number of levels of this place that you have seen.
                   A       B       C       D       E      F
               +-------+-------+-------+-------+-------+----------------------
         Total | 100.0 | 100.0 |   N/A |   N/A | 100.0 | 430.1
       Dungeon | 100.0 | 100.0 |   N/A |   N/A | 100.0 | 483.9
               +-------+-------+-------+-------+-------+----------------------

Vault maps used:
D:1:      minmay_arrival_cross
D:2:      cheibrodos_greedy_goblins, overflow_temple_1_default,
          grunt_decor_arrowhead
D:3:      corexii_shack_village, uniq_robin, uniq_jessica, uniq_ijyb
D:4:      tgw_sif, uniq_natasha, uniq_blork_the_orc
D:5:      first_ration, uniq_eustachio, uniq_sigmund
D:6:      overflow_temple_1_default, tso_metal_star
D:7:      temple_hall, uniq_menkaure
D:8:      st_stairs_10, hangedman_ranch, serial_bayou_pond_d
Temple:   regret_index_temple_mists
